 Dungeon Crawl Stone Soup version 0.27-a0-1456-gf5a116941d (webtiles) character file.

Game seed: 4168324339031258739

150262 tsouns the Eclecticist (level 16, -8/90 HPs)
             Began as a Deep Elf Air Elementalist on July 2, 2021.
             Was a High Priest of Vehumet.
             Mangled by a merfolk impaler (15 damage)
             ... on level 4 of the Shoals on July 5, 2021.
             The game lasted 01:40:02 (42860 turns).

tsouns the Eclecticist (Deep Elf Air Elementalist) Turns: 42860, Time: 01:40:03

Health: -8/90      AC: 19    Str:  5    XL:     16   Next: 98%
Magic:  25/42      EV: 15    Int: 34    God:    Vehumet [*****.]
Gold:   2208       SH: 12    Dex: 15    Spells: 10/56 levels left

rFire    . . .     SeeInvis .   P - +8 whip "Snakebite" {curare, rPois}
rCold    + . .     Faith    .   Q - +1 kite shield {AC+3}
rNeg     . . .     Spirit   .   f - +3 steam dragon scales
rPois    +         Reflect  .   Y - +2 helmet
rElec    .         Harm     .   o - +1 cloak {Stlth+}
rCorr    .         Rampage  .   b - +1 pair of gloves
Will     +....                  y - +0 pair of boots "Mida" {rPois}
Stlth    ++........             u - amulet of magic regeneration
HPRegen  0.25/turn              B - ring of protection from cold
MPRegen  0.53/turn              G - +6 ring of intelligence

@: mesmerised, very slow
A: no striking features
a: Renounce Religion


You were on level 4 of the Shoals.
You worshipped Vehumet.
Vehumet was extremely pleased with you.
You visited 5 branches of the dungeon, and saw 28 of its levels.
You also visited: Sewer, Bailey and Ice Cave.

You collected 2439 gold pieces.
You spent 231 gold pieces at shops.

Inventory:

Hand Weapons
 g - a +3 flail of protection
 P - the +8 whip "Snakebite" (weapon) {curare, rPois}
   (You found it on level 6 of the Lair of Beasts)

   It poisons the flesh of those it strikes.
   rPois:     It protects you from poison.
Missiles
 F - 2 boomerangs of dispersal
 I - 6 throwing nets
 L - 3 curare-tipped darts
 W - 24 javelins (quivered)
Armour
 b - a +1 pair of gloves (worn)
 f - +3 steam dragon scales (worn)
 o - a +1 cloak of stealth (worn)
 y - the +0 pair of boots "Mida" (worn) {rPois}
   (You found it in an ice cave)

   rPois:     It protects you from poison.
 Q - a +1 kite shield of protection (worn)
 Y - a +2 helmet (worn)
Jewellery
 u - an amulet of magic regeneration (around neck)
 B - a ring of protection from cold (left hand)
 G - a +6 ring of intelligence (right hand)
Wands
 x - a wand of charming (13)
 z - a wand of flame (65)
 A - a wand of mindburst (32)
 H - a wand of iceblast (21)
 J - a wand of paralysis (19)
 K - a wand of polymorph (20)
 M - a wand of digging (10)
Scrolls
 d - 16 scrolls of teleportation
 e - 2 scrolls of fog
 i - 4 scrolls of silence
 k - 14 scrolls of identify
 l - a scroll of enchant weapon
 p - a scroll of fear
 q - 2 scrolls of immolation
 s - 6 scrolls of amnesia
 v - 4 scrolls of blinking
 N - a scroll of vulnerability
 R - 2 scrolls of magic mapping
 V - 2 scrolls of brand weapon
 X - a scroll of summoning
Potions
 a - 3 potions of heal wounds
 c - 8 potions of curing
 h - 4 potions of mutation
 j - 2 potions of resistance
 n - 4 potions of flight
 t - a potion of cancellation
 w - 2 potions of haste
 C - 4 potions of lignification
 E - 3 potions of magic
 O - 2 potions of brilliance
 T - 2 potions of ambrosia
 U - 3 potions of invisibility
Miscellaneous
 Z - a tin of tremorstones (inert)


   Skills:
 + Level 6.9 Fighting
 - Level 1.0 Maces & Flails
 - Level 0.9 Armour
 - Level 8.5 Dodging
 - Level 3.1 Stealth
 * Level 10.8 Shields
 - Level 20.6 Spellcasting
 - Level 12.4 Conjurations
 - Level 9.8 Summonings
 - Level 14.3 Air Magic
 - Level 1.6 Evocations


You had 10 spell levels left.
You knew the following spells:

 Your Spells              Type           Power      Damage    Failure   Level
a - Shock                 Conj/Air       100%       1d9       0%          1
b - Swiftness             Air            93%        N/A       0%          3
c - Airstrike             Air            46%        N/A       1%          4
d - Static Discharge      Conj/Air       90%        N/A       0%          2
e - Mephitic Cloud        Conj/Pois/Air  77%        N/A       1%          3
f - Poisonous Vapours     Pois/Air       100%       N/A       1%          2
g - Freezing Cloud        Conj/Ice/Air   38%        6-21      1%          5
h - Spellforged Servitor  Conj/Summ      42%        N/A       3%          7
i - Lightning Bolt        Conj/Air       45%        1d65      1%          5
j - Maxwell's Capacitive  Air            46%        ∞         8%          8
k - Conjure Ball Lightni  Conj/Air       45%        3x3d16    1%          6

Your spell library contained the following spells:

 Spells                   Type           Power      Damage    Failure   Level
 Fireball                 Conj/Fire      33%        3d14      1%          5
 Magic Dart               Conj           100%       1d8       0%          1
 Searing Ray              Conj           100%       3d7       0%          2
 Beastly Appendage        Tmut           70%        N/A       1%          1
 Foxfire                  Conj/Fire      100%       2x1d9     1%          1
 Freeze                   Ice            100%       1d11      1%          1
 Sting                    Tmut/Pois      100%       1d8       1%          1
 Call Imp                 Summ           80%        N/A       1%          2
 Corpse Rot               Necr/Air       N/A        N/A       1%          2
 Conjure Flame            Conj/Fire      67%        6-21      1%          3
 Dazzling Flash           Conj/Hex       100%       N/A       1%          3
 Frozen Ramparts          Ice            70%        1d9       1%          3
 Inner Flame              Hex/Fire       35%        N/A       1%          3
 Stone Arrow              Conj/Erth      100%       3d13      1%          3
 Summon Guardian Golem    Hex/Summ       62%        N/A       1%          3
 Animate Armour           Summ/Erth      100%       N/A       1%          4
 Fulminant Prism          Conj/Hex       33%        3d16      1%          4
 Hailstorm                Conj/Ice       67%        3d14      1%          4
 Iskenderun's Mystic Bla  Conj/Tloc      67%        2d14      1%          4
 Sticky Flame             Conj/Fire      67%        2d8       1%          4
 Irradiate                Conj/Tmut      33%        3d25      1%          5
 Wereblood                Tmut           35%        N/A       2%          2
 Silence                  Hex/Air        35%        N/A       2%          5
 Orb of Destruction       Conj           44%        9d14      2%          7
 Ozocubu's Armour         Ice            35%        N/A       4%          3
 Portal Projectile        Hex/Tloc       70%        N/A       4%          3
 Spider Form              Tmut/Pois      17%        N/A       4%          3
 Tukima's Dance           Hex            35%        N/A       4%          3
 Olgreb's Toxic Radiance  Pois           35%        N/A       4%          4
 Starburst                Conj/Fire      33%        8x6d10    5%          6
 Yara's Violent Unravell  Hex/Tmut       17%        3d8       11%         5
 Dispel Undead            Necr           35%        3d15      16%         4
 Passage of Golubria      Tloc           N/A        N/A       16%         4
 Blade Hands              Tmut           17%        N/A       38%         5
 Excruciating Wounds      Necr           17%        N/A       38%         5
 Metabolic Englaciation   Hex/Ice        17%        N/A       38%         5
 Lehudib's Crystal Spear  Conj/Erth      33%        10d9      86%         8
 Death Channel            Necr           17%        N/A       93%         6
 Dispersal                Tloc           17%        N/A       93%         6
 Simulacrum               Ice/Necr       17%        N/A       93%         6
 Dragon Form              Tmut           17%        N/A       100%        7
 Discord                  Hex            17%        N/A       100%        8
 Disjunction              Tloc           17%        N/A       100%        8


Dungeon Overview and Level Annotations

Branches:
Dungeon (15/15)            Temple (1/1) D:7            Lair (6/6) D:11
 Shoals (4/4) Lair:2        Snake (0/4) Lair:4        Slime (0/5) Lair:6
    Orc (2/2) D:11            Elf (0/3) Orc:2        Vaults (0/5) D:14
 Depths (0/5) D:15          Sewer (visited)          Bailey (visited)
  IceCv (visited)

Altars:
Ashenzari
Cheibriados
Dithmenos
Elyvilon
Fedhas
Gozag
Hepliaklqana
Kikubaaqudgha
Makhleb
Nemelex Xobeh
Okawaru
Qazlal
Ru
Sif Muna
Trog
Uskayaw
Vehumet
Wu Jian
Xom
Yredelemnul
Zin
The Shining One
Beogh
Jiyva

Shops:
Orc:2 =*:[

Portals:
Abyss: D:15

Annotations:
D:7 2 transporters, bmj180's ghost, novice DrCj
D:9 2 transporters, bmj180's ghost, novice DrCj
D:14 Azrael
D:15 2 transporters, Okhlofrez's ghost, adept DESu
Shoals:2 2 transporters, exclusion: orange crystal statue
Shoals:3 1 runed translucent door, Doifril's ghost, journeyman MiBe


Message History

The pull of its song draws you forwards.
You enter the shallow water.
Moving in this stuff is going to be slow.
Shadowy forms rise from the deep at the merfolk avatar's song!
The merfolk avatar chants its luring song.
Unknown command.
Unknown command.
Casting: Spellforged Servitor (dangerous; 3% risk of failure)
Confirm with . or Enter, or press ? or * to list all spells.
Aiming: Airstrike (safe; 1% risk of failure)
Press: ? - help, Dir - move target, f/p - merfolk avatar
Aim: a merfolk avatar (water, moderately wounded, mesmerising, very poisoned, ally target)
The air twists around and strikes the merfolk avatar!
The merfolk avatar is heavily wounded.
The merfolk avatar chants its luring song.
Unknown command.
Casting: Airstrike (safe; 1% risk of failure)
Confirm with . or Enter, or press ? or * to list all spells.
Aiming: Airstrike (safe; 1% risk of failure)
Press: ? - help, Dir - move target, f/p - merfolk avatar
Aim: a merfolk avatar (water, heavily wounded, mesmerising, very poisoned, ally target)
The air twists around and strikes the merfolk avatar!
The merfolk avatar is severely wounded.
The merfolk avatar chants its luring song.
The drowned soul touches you. The drowned soul drowns you!
* * * LOW HITPOINT WARNING * * *
The merfolk impaler is engulfed in freezing vapours.
Unknown command.
Casting: Airstrike (safe; 1% risk of failure)
Confirm with . or Enter, or press ? or * to list all spells.
Aiming: Airstrike (safe; 1% risk of failure)
Press: ? - help, Dir - move target, f/p - merfolk avatar
Aim: a merfolk avatar (water, severely wounded, mesmerising, very poisoned, ally target)
The air twists around and strikes the merfolk avatar!
The merfolk avatar is almost dead.
The drowned soul touches you. The drowned soul drowns you!
* * * LOW HITPOINT WARNING * * *
The merfolk avatar chants its luring song.
The merfolk impaler hits you from afar with a +1 demon trident of electrocution!
You die...

#≈≈≈≈ ##### .P≈
#≈≈≈≈##...##P...P# #.≈
#≈≈≈≈#.....#..PP.###.≈
#≈≈≈≈#..φ.m#..P......≈
#≈≈≈≈#.)m).#......PPP≈
#≈≈≈≈##.).##......PPP.
#≈≈≈≈≈##☼##........#..
#≈≈≈m@8m.§............
#≈≈≈≈≈.............≈..
#≈≈≈≈≈≈.).P..........≈
#≈≈W≈W≈≈.....≈P.......
#≈≈≈≈≈P≈≈≈≈≈≈≈≈P...#..
#≈≈≈≈≈≈≈P≈P≈P≈≈....#..
#≈≈≈≈≈#####P≈PP.......
#≈≈≈≈##≈≈≈##P≈PPP....≈
#≈≈≈≈#≈≈≈≈≈#PPPPP..≈..


You could see a merfolk avatar (mesmerising, very poisoned, ally target), a
merfolk impaler, 2 drowned souls and a friendly spellforged servitor (summoned).

Vanquished Creatures
  Saint Roka (Orc:2)
  Rupert (D:14)
  Jorgrun (Shoals:1)
  A kraken (Shoals:1)
  A sphinx (D:14)
  Donald (Shoals:1)
  A frost giant (D:15)
  3 merfolk javelineers
  A fire dragon (D:14)
  Josephine (Shoals:1)
  3 merfolk impalers
  12 hydras
  7 merfolk avatars
  An alligator snapping turtle (Shoals:2)
  2 catoblepae (Lair:6)
  3 boulder beetles
  3 merfolk aquamancers (Shoals:4)
  2 centaur warriors
  2 dancing weapons (D:14)
  4 two-headed ogres
  2 tengu warriors (D:15)
  6 death yaks
  A satyr (Shoals:3)
  An alligator (Shoals:2)
  3 orc high priests (Orc:2)
  Sonja (D:10)
  A fire crab (Lair:5)
  9 sea snakes
  A flayed ghost (D:14)
  5 orc knights (Orc:2)
  4 deep elf pyromancers
  A wizard (D:14)
  5 deep elf zephyrmancers (Orc:1)
  Pikel (D:5)
  A necromancer (IceCv)
  4 ugly things
  4 harpies
  4 orc sorcerers (Orc:2)
  4 cyclopes
  13 manticores
  4 fauns
  10 merfolk sirens
  4 oklob plants
  7 black mambas
  6 water nymphs
  A black mamba (shapeshifter) (D:15)
  10 elephants
  A cane toad (shapeshifter) (D:14)
  12 cane toads
  2 gargoyles (D:12)
  3 ice statues (IceCv)
  A torpor snail (Lair:5)
  3 rime drakes
  9 ice devils (IceCv)
  A tengu conjurer (D:14)
  11 komodo dragons
  20 merfolk
  9 trolls
  6 wind drakes
  5 polar bears
  2 hornets
  Grinder (Sewer)
  A nameless horror (Shoals:1)
  31 blink frogs
  5 snapping turtles
  7 dream sheep
  12 slime creatures
  A spriggan (shapeshifter) (D:13)
  Sigmund (D:4)
  3 shadows
  11 wraiths
  9 water elementals
  38 yaks
  8 basilisks
  8 wyverns
  3 steam dragons
  Edmund (D:5)
  2 wargs (Orc:2)
  An acid dragon (D:13)
  23 water moccasins
  Duvessa (D:4)
  2 sky beasts
  33 orc warriors
  11 ogres
  4 black bears
  2 necrophages
  18 centaurs
  11 wolves
  2 lemures (D:5)
  2 phantoms
  3 kobold brigands
  11 bullfrogs
  3 gnoll sergeants
  A scorpion (D:4)
  2 water moccasin skeletons
  Dowan (D:4)
  8 howler monkeys
  3 electric eels
  5 centaur zombies
  3 draconian simulacra (IceCv)
  A quasit (Sewer)
  2 jellies
  4 hounds
  19 orc priests
  A centaur skeleton (D:6)
  Crazy Yiuf (D:5)
  3 bullfrog skeletons
  Terence (D:2)
  10 iguanas
  25 orc wizards
  2 troll simulacra (IceCv)
  A spriggan simulacrum (IceCv)
  A centaur simulacrum (IceCv)
  16 gnolls
  4 howler monkey zombies
  2 ogre simulacra (IceCv)
  7 adders
  A naga simulacrum (IceCv)
  5 shadow imps
  A white imp (D:7)
  3 ufetubi (Sewer)
  An adder skeleton (D:4)
  3 worms
  4 dart slugs
  98 orcs
  7 ball pythons
  A bat zombie (Sewer)
  6 endoplasms
  8 giant cockroaches
  7 goblins
  8 hobgoblins
  10 jackals
  9 quokkas
  9 bats
  2 frilled lizards
  22 kobolds
  A kobold zombie (Sewer)
  8 rats
  A tentacle (Shoals:1)
856 creatures vanquished.

Vanquished Creatures (collateral kills)
  A hydra (Lair:6)
  A catoblepas (Lair:6)
  A deep troll shaman (Lair:6)
  4 death yaks
  2 elephants (Lair:6)
  A komodo dragon (Lair:5)
  A wyvern (Lair:5)
  A yak (Lair:5)
  2 wolves (Lair:6)
14 creatures vanquished.

Vanquished Creatures (others)
  17 ball lightnings (Lair:6)
  56 fungi
  142 plants
  3 tentacles (Shoals:1)
218 creatures vanquished.

Grand Total: 1088 creatures vanquished

Notes
Turn   | Place    | Note
-------+----------+-------------------------------------------
     0 | D:1      | tsouns the Deep Elf Air Elementalist began the quest for
                  | the Orb.
     0 | D:1      | Reached XP level 1. HP: 10/10 MP: 6/6
   445 | D:1      | Reached XP level 2. HP: 15/15 MP: 1/8
  1208 | D:1      | Reached XP level 3. HP: 19/19 MP: 7/10
  1845 | D:2      | Reached skill level 4 in Spellcasting
  2471 | D:2      | Reached XP level 4. HP: 24/24 MP: 8/12
  2535 | D:2      | Noticed Terence
  2548 | D:2      | Killed Terence
  2898 | D:3      | Found a glowing drain.
  2926 | Sewer    | Entered a sewer
  3103 | Sewer    | Learned a level 3 spell: Swiftness
  3108 | Sewer    | Learned a level 4 spell: Airstrike
  3111 | Sewer    | Learned a level 2 spell: Static Discharge
  3251 | Sewer    | Reached XP level 5. HP: 15/28 MP: 3/14
  3438 | Sewer    | Found a burning altar of Makhleb.
  3448 | Sewer    | Reached skill level 5 in Spellcasting
  3582 | Sewer    | Reached XP level 6. HP: 17/32 MP: 4/16
  3807 | Sewer    | Noticed Grinder
  3814 | Sewer    | Killed Grinder
  3815 | Sewer    | Reached skill level 6 in Spellcasting
  3815 | Sewer    | Reached skill level 5 in Air Magic
  3815 | Sewer    | Reached XP level 7. HP: 34/36 MP: 5/18
  4334 | D:3      | Found a sacrificial altar of Ru.
  4829 | D:3      | Found a faded altar of an unknown god.
  4896 | D:3      | Became a worshipper of Ru the Awakened
  5044 | D:4      | Reached skill level 5 in Conjurations
  5246 | D:4      | Noticed Duvessa
  5246 | D:4      | Noticed Dowan
  5248 | D:4      | Killed Dowan
  5268 | D:4      | HP: 1/36 [hound (4)]
  5286 | D:3      | Reached skill level 7 in Spellcasting
  5986 | D:4      | Noticed Sigmund
  6121 | D:4      | Killed Sigmund
  6122 | D:4      | Reached XP level 8. HP: 25/41 MP: 5/21
  6289 | D:4      | Found a snail-covered altar of Cheibriados.
  6398 | D:4      | Reached skill level 8 in Spellcasting
  6975 | D:5      | Entered Level 5 of the Dungeon
  7275 | D:4      | Killed Duvessa
  7504 | D:5      | Reached skill level 9 in Spellcasting
  7770 | D:5      | Noticed Pikel
  7916 | D:5      | Killed Pikel
  7917 | D:5      | Reached XP level 9. HP: 40/45 MP: 8/24
  8095 | D:5      | Noticed Edmund
  8285 | D:5      | Killed Edmund
  8443 | D:5      | Reached skill level 10 in Spellcasting
  8793 | D:5      | Found a runed translucent door.
  8794 | D:5      | Noticed Crazy Yiuf
  8868 | D:5      | Killed Crazy Yiuf
  9119 | D:6      | Noticed a troll
  9123 | D:6      | Killed a troll
  9614 | D:6      | Reached skill level 11 in Spellcasting
 10292 | D:6      | Found a glowing silver altar of Zin.
 10292 | D:6      | Found a sparkling altar of Nemelex Xobeh.
 10292 | D:6      | Found a broken altar of Ashenzari.
 10631 | D:7      | Reached XP level 10. HP: 29/50 MP: 10/27
 11050 | D:7      | Found a staircase to the Ecumenical Temple.
 11080 | Temple   | Entered the Ecumenical Temple
 11197 | Temple   | Fell from the grace of Ru
 11197 | Temple   | Became a worshipper of Vehumet
 11239 | D:7      | Reached skill level 12 in Spellcasting
 11323 | D:7      | Learned a level 3 spell: Mephitic Cloud
 11529 | D:7      | Found a transporter.
 11535 | D:7      | Found a transporter.
 11536 | D:7      | Identified the ring of Gaggoug {*Slow rPois Int+6 Dex+2}
 11538 | D:7      | Noticed bmj180's ghost (novice DrCj)
 12123 | D:8      | Reached skill level 10 in Air Magic
 12211 | D:8      | Found a white marble altar of Elyvilon.
 12788 | D:8      | Noticed a two-headed ogre
 13037 | D:8      | Killed a two-headed ogre
 13138 | D:8      | Reached skill level 13 in Spellcasting
 13138 | D:8      | Noticed a catoblepas
 13168 | D:9      | Reached * piety under Vehumet
 13168 | D:9      | Offered knowledge of Sandblast by Vehumet.
 13319 | D:9      | Noticed a green ugly thing
 13321 | D:9      | Found a transporter.
 13321 | D:9      | Noticed bmj180's ghost (novice DrCj)
 13326 | D:9      | Found a transporter.
 13365 | D:9      | Noticed a salamander
 13365 | D:9      | a spriggan changed into a salamander
 13377 | D:9      | Noticed a moth of wrath
 13377 | D:9      | a salamander changed into a moth of wrath
 13476 | D:9      | Noticed a two-headed ogre
 13764 | D:9      | Killed a two-headed ogre
 13842 | D:9      | Found a flagged portal.
 13849 | D:9      | Reached XP level 11. HP: 54/54 MP: 17/30
 13863 | Bailey   | Entered a bailey
 14255 | Bailey   | Identified the +0 fire dragon scales of Devotion {rF++ rC-
                  | Int+4}
 14270 | Bailey   | Reached skill level 14 in Spellcasting
 14481 | D:10     | Entered Level 10 of the Dungeon
 14586 | D:9      | Offered knowledge of Searing Ray by Vehumet.
 14692 | D:9      | Learned a level 2 spell: Poisonous Vapours
 14841 | D:10     | Noticed Sonja
 14843 | D:10     | Killed Sonja
 15043 | D:10     | Reached ** piety under Vehumet
 15076 | D:10     | You fall into a shaft and drop 2 floors!
 15139 | D:11     | Noticed an oklob plant
 16107 | D:10     | Found a shimmering blue altar of Sif Muna.
 16281 | D:11     | Found a staircase to the Lair.
 16513 | D:11     | Noticed a two-headed ogre
 16517 | D:11     | Killed a two-headed ogre
 16916 | D:11     | Found a staircase to the Orcish Mines.
 16938 | D:11     | Reached skill level 15 in Spellcasting
 17130 | D:11     | Noticed a cyan ugly thing
 17135 | D:11     | Killed a cyan ugly thing
 17384 | D:11     | Killed an oklob plant
 17437 | Lair:1   | Entered Level 1 of the Lair of Beasts
 18028 | D:12     | You fall into a shaft and drop 1 floor!
 18089 | D:13     | Noticed a purple ugly thing
 18094 | D:13     | Killed a purple ugly thing
 18100 | D:13     | Noticed a cyan ugly thing
 18589 | D:12     | Noticed a boulder beetle
 18599 | D:12     | Killed a boulder beetle
 18600 | D:12     | Reached skill level 16 in Spellcasting
 18600 | D:12     | Reached XP level 12. HP: 21/59 MP: 25/34
 19000 | D:12     | Noticed a two-headed ogre
 19004 | D:12     | Killed a two-headed ogre
 19005 | D:12     | Reached skill level 1 in Fighting
 19414 | D:13     | Offered knowledge of Ignite Poison by Vehumet.
 19857 | D:13     | Noticed a boulder beetle
 19877 | D:13     | Killed a boulder beetle
 20462 | D:14     | Reached skill level 5 in Dodging
 20511 | D:14     | Reached *** piety under Vehumet
 20668 | D:14     | Noticed Azrael
 21040 | Orc:1    | Entered Level 1 of the Orcish Mines
 21152 | Orc:1    | Found a frozen archway.
 21205 | IceCv    | Entered an ice cave
 21647 | IceCv    | Offered knowledge of Sticky Flame by Vehumet.
 22133 | IceCv    | Reached skill level 17 in Spellcasting
 22433 | IceCv    | Identified the +0 pair of boots "Mida" {rPois}
 22440 | IceCv    | Identified the +6 quarterstaff "Dijab" {freeze, *Corrode
                  | rElec rN+++ Str-5}
 22777 | Orc:1    | Reached **** piety under Vehumet
 22778 | Orc:1    | Reached XP level 13. HP: 70/70 MP: 25/36
 22873 | Orc:1    | Offered knowledge of Freezing Cloud by Vehumet.
 22880 | Orc:1    | Learned a level 5 spell: Freezing Cloud
 23821 | Lair:1   | Reached skill level 5 in Fighting
 24210 | Lair:1   | Reached ***** piety under Vehumet
 24227 | Lair:1   | Offered knowledge of Iskenderun's Mystic Blast by Vehumet.
 24325 | Lair:1   | Learned a level 7 spell: Spellforged Servitor
 24398 | Lair:1   | Reached skill level 1 in Summonings
 25017 | Lair:2   | Found a staircase to the Shoals.
 25024 | Lair:2   | Reached skill level 18 in Spellcasting
 26687 | Lair:3   | Reached XP level 14. HP: 51/78 MP: 26/38
 26902 | Lair:3   | Reached skill level 5 in Summonings
 27439 | Lair:4   | Found a staircase to the Snake Pit.
 27699 | Lair:4   | Reached skill level 10 in Conjurations
 28187 | Lair:4   | Offered knowledge of Lightning Bolt by Vehumet.
 28201 | Lair:4   | Learned a level 5 spell: Lightning Bolt
 28275 | Lair:4   | Learned a level 8 spell: Maxwell's Capacitive Coupling
 28884 | Lair:5   | Reached skill level 19 in Spellcasting
 29866 | Lair:6   | Entered Level 6 of the Lair of Beasts
 30673 | Lair:6   | Found the +8 whip "Snakebite" {curare, rPois}
 30688 | Lair:6   | Upgraded the game from 0.27-a0-1434-g6f15984924 to
                  | 0.27-a0-1456-gf5a116941d
 30898 | Lair:6   | Reached XP level 15. HP: 82/82 MP: 26/40
 31030 | Lair:6   | Offered knowledge of Conjure Ball Lightning by Vehumet.
 31038 | Lair:6   | Learned a level 6 spell: Conjure Ball Lightning
 31884 | Lair:6   | Found a viscous altar of Jiyva.
 31886 | Lair:6   | Found a staircase to the Slime Pits.
 32195 | Shoals:1 | Entered Level 1 of the Shoals
 32269 | Orc:2    | Entered Level 2 of the Orcish Mines
 32515 | Orc:2    | Found a staircase to the Elven Halls.
 32621 | Orc:2    | Noticed Saint Roka
 32979 | Orc:2    | Killed Saint Roka
 32980 | Orc:2    | Reached skill level 20 in Spellcasting
 33878 | Orc:2    | Reached skill level 1 in Evocations
 34158 | Orc:2    | Reached skill level 1 in Maces & Flails
 34219 | Orc:2    | Found Fyawimaz's Armour Shop.
 34219 | Orc:2    | Found Mohisosh's Jewellery Emporium.
 34232 | Orc:2    | Found Juofuk's Book Shop.
 34232 | Orc:2    | Found Nuebrourr's General Store.
 34243 | Orc:2    | Bought a +1 kite shield of protection for 231 gold pieces
 34583 | D:14     | Reached skill level 1 in Shields
 34800 | D:14     | Found a gate to the Vaults.
 34985 | D:14     | Noticed a sphinx
 34992 | D:14     | Killed a sphinx
 35138 | D:14     | Identified the amulet of the Cuttlefish {Spirit rF+ Str+3
                  | Stlth+}
 35140 | D:14     | Identified the +3 spear of Infection {holy, rN+ Str+4}
 35556 | D:14     | Found a glowing golden altar of the Shining One.
 35567 | D:14     | Noticed Rupert
 35574 | D:14     | Killed Rupert
 35815 | D:15     | Entered Level 15 of the Dungeon
 36176 | D:15     | Noticed a hellephant
 36182 | D:15     | Found a transporter.
 36187 | D:15     | Found a one-way gate to the infinite horrors of the Abyss.
 36187 | D:15     | Noticed Okhlofrez's ghost (adept DESu)
 36187 | D:15     | Noticed a tentacled starspawn
 36207 | D:15     | Found a transporter.
 36248 | D:15     | Noticed a tentacled starspawn
 36322 | D:15     | Offered knowledge of Iron Shot by Vehumet.
 37303 | D:15     | Found a staircase to the Depths.
 37303 | D:15     | Noticed a frost giant
 37316 | D:15     | Killed a frost giant
 37317 | D:15     | Reached skill level 5 in Shields
 38018 | Shoals:1 | Noticed Jorgrun
 38027 | Shoals:1 | Reached XP level 16. HP: 77/88 MP: 27/42
 38097 | Shoals:1 | Killed Jorgrun
 39138 | Shoals:1 | Noticed Donald
 39148 | Shoals:1 | Killed Donald
 39305 | Shoals:1 | Noticed a kraken
 39310 | Shoals:1 | Killed a kraken
 39463 | Shoals:1 | Noticed Josephine
 39467 | Shoals:1 | Killed Josephine
 39958 | Shoals:2 | Offered knowledge of Fireball by Vehumet.
 40382 | Shoals:2 | Found a transporter.
 40394 | Shoals:2 | Found a transporter.
 40450 | Shoals:2 | Identified the +7 rapier "Ergheoki" {flame, rF+}
 41051 | Shoals:3 | Found a runed translucent door.
 41055 | Shoals:3 | Noticed Doifril's ghost (journeyman MiBe)
 41484 | Shoals:3 | Reached skill level 10 in Shields
 41839 | Shoals:4 | Entered Level 4 of the Shoals
 42860 | Shoals:4 | Mangled by a merfolk impaler

Illustrated notes

Levels and vault maps discovered:
D:1:      dpeg_arrival_oval, layout_basic
D:2:      layout_basic, nrook_mini_backslash, uniq_terence
D:3:      layout_loops_ring, amcnicky_altar_gilded,
          shapermc_ecumenical_altar_totnotflames, cheibrodos_sewer_entry_drain,
          st_stairs_3, kennysheep_generic_room_3
D:4:      layout_basic, lemuel_doored_altar, kennysheep_generic_room_16,
          uniq_duvessa, uniq_sigmund
D:5:      layout_loops_cross, uniq_edmund, uniq_crazy_yiuf_cottage, uniq_pikel
D:6:      minmay_chambers_of_sixes, layout_basic, gammafunk_temple_overflow_claw
D:7:      layout_rooms, minmay_temple_entry_wispy,
          gammafunk_ghost_gnarly_gnolls, minmay_crossroads
D:8:      layout_loops_corners, marbit_many_paths, minmay_three_doors
D:9:      layout_roguey, gammafunk_ghost_arena, enter_bailey_7
D:10:     layout_rooms, tgw_sif, nicolae_straight_to_the_point, uniq_sonja
D:11:     layout_gridville, dpeg_oklobed_lair,
          kennysheep_orc_monster_closet_entryway, minmay_crystal_room
D:12:     layout_basic
D:13:     layout_gridville, gauntlet_entry_generic
D:14:     kennysheep_water_balloons, layout_irregular_city, erik_vaults_1,
          serial_rivers, chequers_serial_rivers_marsh,
          chequers_serial_rivers_micro_b, chequers_serial_rivers_large_b,
          chequers_serial_rivers_micro_e, chequers_serial_rivers_large_a,
          chequers_serial_rivers_room_a, tso_altar, uniq_azrael, uniq_rupert
D:15:     grunt_enter_depths_snipers, layout_basic, grunt_decor_mini_mirrors,
          gammafunk_ghost_abyssal_escape
Temple:   regret_index_temple_waves
Lair:1:   beast_lair_carwin_large_4, layout_cave_pods, grunt_megastairs_5
Lair:2:   layout_cave_pods, elwin_shoals_entry_stream
Lair:3:   layout_regular_city, minmay_lair_oklob_chamber, serial_bayou_shore_b,
          infiniplex_staircase_pool
Lair:4:   layout_regular_city, minmay_snake_entry_six_corridors
Lair:5:   nzn_winding_woodlands_medium [nzn_winding_woodlands_hourglass,
          nzn_winding_woodlands_5x15_default,
          nzn_winding_woodlands_5x5_closed_star,
          nzn_winding_woodlands_5x5_three, nzn_winding_woodlands_center_lodge,
          nzn_winding_woodlands_5x5_perimeter,
          nzn_winding_woodlands_5x5_checkerboard,
          nzn_winding_woodlands_5x15_lazy_stream,
          nzn_winding_woodlands_5x5_default], layout_hall_layers,
          patterned_corridor, infiniplex_staircase_pool_2
Lair:6:   grunt_lair_end_beastmaster, layout_long_grid, slime_altar_1
Shoals:1: layout_shoals, uniq_jorgrun, uniq_donald, uniq_josephine
Shoals:2: gammafunk_sealed_arena, layout_shoals,
          nicolae_shoals_siren_and_animal_friends
Shoals:3: layout_shoals, ebering_ghost_reflecting_pool
Shoals:4: shoals_end_simple, layout_shoals, shoal_ilsuiw
Orc:1:    layout_caves, basic_altar, portal_ice_cave_rime, elves_outpost_lemuel
Orc:2:    grunt_orc_tribal_feast, layout_caves, uniq_saint_roka

Skill      XL: |  1  2  3  4  5  6  7  8  9 10 11 12 13 14 15 16 |
---------------+-------------------------------------------------+-----
Conjurations   | 2 3 4 5 7 8 9 11 12 | 12.4
Spellcasting   | 4 5 6 7 9 11 13 16 17 18 19 20 | 20.6
Air Magic      | 4 5 6 7 9 11 13 14 | 14.3
Fighting       | 4 5 6 |  6.9
Dodging        | 6 8 |  8.5
Summonings     | 4 8 9 |  9.8
Evocations     | 1 |  1.6
Stealth        | 3 |  3.1
Maces & Flails | 1 |  1.0
Shields        | 5 10 | 10.8
Armour         | |  0.9

Action                   |  1- 3 |  4- 6 |  7- 9 | 10-12 | 13-15 | 16-18 || total
-------------------------+-------+-------+-------+-------+-------+-------++-------
Melee: Flail             |       |     1 |       |    22 |    12 |       ||    35
       Whip              |       |       |       |       |    21 |     8 ||    29
 Cast: Shock             |   108 |    86 |   101 |     4 |     9 |       ||   308
       Static Discharge  |       |     7 |       |    17 |     3 |       ||    27
       Airstrike         |       |     2 |   140 |   458 |   710 |   271 ||  1581
       Mephitic Cloud    |       |       |       |    24 |     2 |       ||    26
       Poisonous Vapours |       |       |       |    14 |    14 |     9 ||    37
       Swiftness         |       |       |       |     1 |     1 |       ||     2
       Freezing Cloud    |       |       |       |       |    58 |    29 ||    87
       Spellforged Servi |       |       |       |       |    12 |     6 ||    18
       Maxwell's Capacit |       |       |       |       |     1 |     1 ||     2
       Conjure Ball Ligh |       |       |       |       |     6 |       ||     6
       Lightning Bolt    |       |       |       |       |     4 |     4 ||     8
Evoke: Wand              |       |       |       |     1 |       |     1 ||     2
       Tin of tremorston |       |       |       |       |       |     2 ||     2
  Use: Scroll            |       |       |    12 |    15 |     7 |     3 ||    37
       Potion            |       |       |     4 |     1 |     2 |     8 ||    15
 Stab: Confused          |       |       |       |     3 |       |       ||     3
Armor: Robe              |     4 |     3 |     7 |       |       |       ||    14
       Steam dragon scal |       |       |       |    24 |    67 |    24 ||   115
Dodge: Dodged            |     6 |     9 |    21 |    45 |   109 |    47 ||   237
Block: Kite shield       |       |       |       |       |    23 |    31 ||    54

Table legend: (Time is in decaauts)
 A = Elapsed time spent in this place.
 B = Non-inter-level travel time spent in this place.
 C = Inter-level travel time spent in this place.
 D = Time resting spent in this place.
 E = Time spent auto-exploring this place.
 F = Levels seen in this place.
 G = Mean time per level.
                   A        B        C        D        E       F      G
               +--------+--------+--------+--------+--------+-----+--------+
         Total |  43192 |  41866 |   1326 |    967 |  35619 |  31 | 1393.3 |
       Dungeon |  22906 |  22037 |    869 |    310 |  19529 |  15 | 1527.1 |
        Temple |    138 |    120 |     18 |      0 |     81 |   1 |  138.0 |
          Lair |   8822 |   8490 |    332 |     18 |   7309 |   6 | 1470.3 |
        Shoals |   5293 |   5222 |     71 |    400 |   4113 |   4 | 1323.2 |
  Orcish Mines |   2950 |   2915 |     35 |     47 |   2309 |   2 | 1475.0 |
         Sewer |   1085 |   1085 |      0 |      0 |    913 |   1 | 1085.0 |
        Bailey |    468 |    468 |      0 |      0 |    395 |   1 |  468.0 |
      Ice Cave |   1527 |   1527 |      0 |    192 |    967 |   1 | 1527.0 |
               +--------+--------+--------+--------+--------+-----+--------+

Top non-repeatable levels by time:
    D:11: 2499 daAuts
  Lair:6: 2132 daAuts
     D:4: 2130 daAuts
Shoals:1: 2012 daAuts
     D:6: 1858 daAuts
    D:15: 1851 daAuts
    D:14: 1712 daAuts
   Orc:2: 1675 daAuts
    D:13: 1652 daAuts
     D:1: 1575 daAuts
   IceCv: 1527 daAuts
     D:5: 1505 daAuts
  Lair:3: 1483 daAuts
  Lair:1: 1442 daAuts
    D:12: 1409 daAuts
